Map: Dusk Towers

Players

CMStormPolt (Polt) - Winner!

  • Race: Terran Terran
  • League: Master

Jason

  • Race: Terran Terran
  • League: Grandmaster

VOD

Have the link to the VOD?

Description

Time

  • Played on: Jan. 12, 2016, 7:44 p.m.
  • Length: 14:53
Show
View Real Time Build Order
Export as new Build Order

CMStormPolt Terran - Winner!

Build Orders: Reaper Expand, Bio Tank 

Get SALT Encoding   

  12  0:00  SCV  
  13  0:13  SCV  
  14  0:17  Supply Depot  
  14  0:25  SCV  
  15  0:38  SCV  
  15  0:40  Barracks  
  16  0:44  Refinery  
  16  0:50  SCV  
  17  1:02  SCV  
  18  1:14  SCV  
  19  1:27  Orbital Command  
  19  1:28  Reaper  
  20  1:40  Command Center  
  20  1:53  SCV  
  21  1:57  Supply Depot  
  21  2:00  Marine  
  22  2:05  SCV  
  23  2:08  Factory  
  23  2:18  SCV  
  23  2:20  Marine  
  23  2:22  Refinery  
  25  2:30  SCV  
  26  2:38  Marine  
  26  2:42  SCV  
  28  2:52  Orbital Command  
  28  2:54  SCV  
  28  2:55  Starport  
  28  2:56  Marine  
  30  3:01  Factory Tech Lab  
  30  3:07  SCV  
  30  3:14  Marine  
  30  3:19  SCV  
  32  3:25  Siege Tank  
  35  3:27  SCV  
  35  3:31  SCV, Marine  
  38  3:40  SCV  
  38  3:41  Supply Depot  
  38  3:42  Medivac  
  38  3:43  SCV  
  41  3:52  SCV  
  41  3:53  Command Center  
  41  3:55  SCV  
  43  3:58  Siege Tank  
  46  4:03  Marine  
  46  4:04  SCV  
  46  4:07  SCV  
  49  4:16  SCV  
  50  4:19  SCV  
  50  4:20  Viking  
  50  4:22  Supply Depot  
  53  4:25  Barracks Reactor  
  53  4:27  Barracks x2  
  53  4:30  SCV, Refinery  
  53  4:31  Refinery  
  54  4:44  SCV x2, Siege Tank  
  59  4:56  SCV  
  60  5:01  SCV  
  61  5:08  SCV  
  61  5:10  SCV  
  61  5:11  Marine x2  
  61  5:13  SCV  
  62  5:16  Siege Tank  
  62  5:20  SCV  
  63  5:23  Orbital Command  
  63  5:24  Engineering Bay x2  
  63  5:25  SCV  
  63  5:26  Barracks Reactor x2  
  64  5:31  Starport Reactor  
  64  5:32  SCV  
  64  5:34  Barracks Tech Lab  
  65  5:37  SCV  
  65  5:40  Barracks Tech Lab, Barracks  
  66  5:43  Barracks  
  66  5:46  SCV, Orbital Command  
  66  5:49  SCV  
  68  5:54  Marine  
  68  5:55  Stimpack  
  68  5:56  Siege Tank  
  70  6:01  Combat Shields, Marine  
  70  6:02  SCV x2  
  70  6:03  Terran Infantry Weapons Level 1  
  73  6:04  Terran Infantry Armor Level 1  
  73  6:06  Refinery  
  73  6:07  Marine x2  
  76  6:11  SCV  
  76  6:12  Supply Depot x2, Marine  
  77  6:25  Supply Depot  
  77  6:27  Starport Reactor  
  77  6:28  Supply Depot  
  77  6:33  SCV x2, Marine x6  
  77  6:34  SCV, Siege Tank, Marine x2  
  91  6:50  SCV x2  
  91  6:51  SCV  
  91  6:53  Marine x4  
  91  6:54  Supply Depot x2, Marine x4  
  100  6:59  Armory  
  102  7:03  SCV x3  
  102  7:04  Supply Depot x2  
  102  7:05  Medivac x2  
  102  7:06  Supply Depot  
  109  7:11  Factory  
  109  7:13  Refinery  
  109  7:15  SCV x2, Siege Tank  
  111  7:16  SCV  
  114  7:23  Sensor Tower, Missile Turret  
  114  7:26  Missile Turret  
  114  7:27  Marine x2  
  114  7:28  Marine x4  
  120  7:30  Marine  
  120  7:31  Marine  
  120  7:35  Medivac x2  
  126  7:46  SCV  
  126  7:47  Siege Tank  
  126  7:50  Supply Depot  
  126  7:51  Supply Depot x2  
  130  7:55  Marine x2  
  130  7:56  Marine x6  
  138  7:59  Factory Tech Lab  
  138  8:00  Terran Infantry Weapons Level 2  
  138  8:02  Terran Infantry Armor Level 2  
  138  8:03  Terran Vehicle Weapons Level 1  
  138  8:14  Marine x8  
  138  8:17  Medivac x2  
  150  8:23  Supply Depot x2  
  150  8:26  Siege Tank  
  153  8:30  Siege Tank  
  156  8:39  Command Center  
  156  8:49  Marine x8  
  156  8:55  Barracks  
  164  8:56  Barracks  
  167  9:02  Siege Tank  
  167  9:03  Siege Tank  
  167  9:04  Missile Turret  
  170  9:15  Missile Turret  
  170  9:16  Missile Turret  
  170  9:19  Missile Turret  
  170  9:22  Marine x2  
  170  9:23  Marine x6  
  170  9:24  Medivac x2  
  182  9:30  Starport  
  182  9:35  Factory  
  182  9:38  Siege Tank x2  
  188  9:42  Marine  
  188  9:44  Barracks Reactor  
  189  9:47  Barracks Reactor, Marine  
  189  9:50  Marine x6  
  195  9:58  Command Center  
  192  10:25  Siege Tank  
  192  10:26  Factory Tech Lab, Siege Tank  
  192  10:27  Terran Infantry Weapons Level 3, Terran Infantry Armor Level 3  
  182  10:51  Viking x2, Starport Reactor  
  182  10:56  Siege Tank  
  189  10:58  Siege Tank x2, Orbital Command  
  189  11:00  Refinery  
  189  11:02  Refinery  
  189  11:03  Command Center  
  195  11:18  Orbital Command  
  195  11:19  Command Center  
  195  11:28  Terran Vehicle Weapons Level 2  
  171  11:38  Marine x2  
  171  11:39  Marine x10  
  168  11:42  Siege Tank x3  
  177  11:48  Viking x3  
  177  11:49  Viking  
  185  11:57  Marine x4  
  185  11:58  Marine x8  
  186  12:16  Marine x4  
  186  12:17  Marine x8  
  158  12:26  Siege Tank x3  
  167  12:30  Medivac x2  
  167  12:31  Medivac  
  167  12:34  Medivac  
  173  12:48  Marine x12  
  156  12:59  Planetary Fortress  
  156  13:01  Orbital Command  
  155  13:13  Marine x2  
  155  13:14  Missile Turret, Marine x10  
  167  13:28  Sensor Tower  
  167  13:37  Siege Tank x3  
  167  13:40  Marine x10  
  167  13:41  Marine x2  
  173  13:58  Marine x12  
  184  14:03  Command Center  
  184  14:06  Medivac x2  
  188  14:13  Siege Tank  
  188  14:15  Siege Tank  
  188  14:16  Marine x6  
Show
View Real Time Build Order
Export as new Build Order

Jason Terran 

Build Orders: Reaper Expand 

Get SALT Encoding   

  12  0:01  SCV  
  13  0:13  SCV  
  14  0:18  Supply Depot  
  14  0:25  SCV  
  15  0:40  SCV  
  15  0:42  Barracks  
  16  0:45  Refinery  
  16  0:52  SCV  
  17  1:04  SCV  
  18  1:16  SCV  
  19  1:30  Reaper, Orbital Command  
  20  1:45  Command Center  
  20  1:55  Supply Depot  
  20  1:57  SCV  
  21  2:04  Reaper  
  22  2:09  SCV  
  23  2:17  Refinery  
  23  2:21  SCV  
  24  2:26  Factory  
  24  2:33  SCV  
  25  2:42  Barracks Reactor  
  25  2:45  SCV  
  26  2:57  SCV  
  27  3:01  Command Center  
  27  3:02  Orbital Command  
  27  3:09  SCV  
  28  3:13  Factory Tech Lab  
  28  3:21  SCV  
  28  3:24  Marine x2  
  29  3:33  SCV  
  29  3:34  SCV  
  30  3:42  Marine x2  
  30  3:46  SCV  
  30  3:47  SCV  
  34  3:52  Cyclone  
  37  3:58  SCV  
  37  3:59  SCV  
  39  4:08  Marine x2  
  41  4:11  SCV x2  
  41  4:16  Orbital Command  
  43  4:23  SCV x2, Starport  
  45  4:27  Marine x2  
  45  4:30  Cyclone  
  50  4:35  SCV x2  
  52  4:44  SCV  
  52  4:45  Marine  
  51  4:47  SCV x2  
  51  4:48  Marine  
  55  4:52  Supply Depot  
  55  4:56  SCV  
  56  5:05  Marine  
  46  5:14  SCV  
  47  5:22  Marine  
  47  5:23  Viking, Marine  
  47  5:24  SCV x2  
  47  5:26  SCV  
  47  5:27  Refinery  
  47  5:28  Cyclone, Refinery  
  57  5:36  SCV x2, Barracks  
  57  5:39  SCV  
  57  5:41  Barracks, Marine  
  61  5:46  Supply Depot  
  61  5:48  SCV  
  62  5:51  SCV  
  63  5:57  Starport Reactor  
  63  5:59  SCV  
  63  6:00  Siege Tank, Orbital Command  
  63  6:01  Marine  
  63  6:03  Marine  
  69  6:07  SCV  
  70  6:11  SCV  
  70  6:12  Supply Depot  
  70  6:14  Engineering Bay x2  
  71  6:19  SCV, Marine  
  71  6:21  Marine  
  71  6:24  SCV  
  75  6:26  SCV  
  75  6:27  Barracks  
  75  6:29  Barracks  
  75  6:30  Barracks Tech Lab x2  
  75  6:31  SCV  
  77  6:33  Supply Depot  
  77  6:36  Supply Depot, Siege Tank, SCV  
  77  6:39  Marine  
  81  6:40  Medivac  
  81  6:43  SCV  
  85  6:47  Terran Infantry Weapons Level 1  
  85  6:48  Terran Infantry Armor Level 1  
  85  6:53  Marine  
  85  6:54  SCV, Medivac, Marine x2  
  85  6:57  Marine  
  85  6:58  SCV  
  85  7:00  Supply Depot x2  
  91  7:04  SCV, Sensor Tower  
  91  7:07  SCV, Sensor Tower  
  93  7:11  Marine  
  93  7:12  Marine x2  
  93  7:14  Siege Tank  
  99  7:16  SCV  
  99  7:17  SCV  
  99  7:18  Refinery  
  99  7:19  Refinery  
  99  7:20  Supply Depot  
  99  7:22  Marine  
  102  7:23  Supply Depot  
  102  7:24  Barracks Reactor x2  
  102  7:29  SCV x2  
  105  7:30  SCV  
  105  7:32  Marine x3  
  105  7:35  Medivac  
  110  7:40  Marine  
  110  7:41  SCV  
  110  7:43  Medivac  
  110  7:44  Supply Depot x2  
  114  7:49  Marine x2  
  114  7:50  Marine  
  116  7:53  Armory  
  116  7:57  Marine  
  117  7:59  Factory  
  117  8:01  Stimpack  
  117  8:05  Combat Shields  
  117  8:07  Marine x5  
  117  8:08  Marine  
  123  8:15  Marine  
  123  8:19  Command Center, Supply Depot, Marine  
  125  8:21  Siege Tank  
  125  8:25  Marine x3  
  131  8:33  Marine  
  132  8:34  Marine x3  
  132  8:37  Marine  
  136  8:42  Medivac x2  
  136  8:43  Marine x3  
  136  8:46  Factory Tech Lab  
  136  8:47  Terran Infantry Weapons Level 2  
  136  8:48  Terran Infantry Armor Level 2  
  143  8:51  Marine  
  143  8:52  Marine x3  
  143  8:54  Marine  
  147  8:57  Supply Depot  
  147  8:58  Supply Depot  
  147  9:01  Marine x2  
  149  9:03  Marine  
  149  9:07  Siege Tank  
  149  9:09  Siege Tank, Marine  
  157  9:18  Supply Depot, Marine  
  157  9:19  Supply Depot  
  157  9:20  Medivac x2  
  157  9:22  Marine x2  
  157  9:23  Marine  
  165  9:33  Sensor Tower, Missile Turret  
  165  9:34  Missile Turret  
  165  9:35  Missile Turret  
  165  9:37  Marine  
  166  9:43  Marine x2  
  168  9:46  Siege Tank  
  168  9:51  Sensor Tower  
  171  9:58  Planetary Fortress, Marine x2  
  171  9:59  Marine x3  
  174  10:00  Siege Tank, Marine  
  174  10:01  Marine  
  174  10:07  SCV x3  
  183  10:10  Marine  
  183  10:18  Siege Tank  
  183  10:19  Marine x2  
  179  10:21  Refinery  
  179  10:24  Refinery  
  179  10:29  Medivac x2  
  179  10:33  Siege Tank, Marine  
  179  10:34  Command Center, Marine  
  179  10:35  Marine x2  
  180  10:46  Marine  
  175  10:51  Siege Tank  
  178  10:59  Marine  
  178  11:00  Marine x6  
  178  11:04  Marine  
  186  11:05  Siege Tank  
  189  11:17  Terran Infantry Weapons Level 3, Terran Infantry Armor Level 3, Marine  
  189  11:18  Marine x2  
  190  11:19  Marine x4  
  190  11:20  Medivac  
  190  11:21  Marine  
  171  11:35  Marine x2  
  171  11:38  Marine  
  172  11:40  Marine x5  
  172  11:42  Siege Tank  
  180  11:47  Missile Turret x2  
  180  11:48  Missile Turret x3  
  180  11:52  Marine  
  180  11:53  Marine  
  182  11:55  Siege Tank  
  182  11:56  Marine  
  182  11:57  Marine x2  
  182  11:58  Marine x3  
  191  12:10  Marine  
  191  12:11  Marine  
  191  12:14  Marine  
  191  12:15  Marine  
  166  12:21  Marine  
  166  12:22  Marine x2  
  149  12:23  Marine  
  149  12:24  Siege Tank  
  149  12:27  Siege Tank  
  149  12:28  Marine  
  149  12:29  Marine  
  158  12:32  Marine  
  158  12:33  Starport, Marine  
  158  12:34  Starport  
  160  12:38  Marine  
  160  12:39  Marine, Medivac x2  
  160  12:40  Marine  
  160  12:41  Marine  
  165  12:46  Marine  
  165  12:48  Marine  
  165  12:49  Marine  
  165  12:51  Marine  
  139  12:56  Siege Tank, Marine  
  139  12:57  Marine  
  139  12:58  Marine x2  
  139  12:59  Siege Tank  
  139  13:01  Planetary Fortress  
  139  13:02  SCV x2  
  139  13:04  Marine  
  145  13:09  Medivac  
  145  13:12  Medivac x3  
  153  13:16  Marine  
  153  13:17  Marine x2  
  153  13:19  Marine  
  157  13:20  Marine  
  157  13:21  Marine  
  157  13:25  Refinery  
  159  13:27  Sensor Tower  
  159  13:29  Refinery  
  159  13:31  Marine x2  
  161  13:35  Marine  
  161  13:39  Medivac  
  153  13:51  Marine  
  153  13:52  Marine x3  
  153  13:53  Siege Tank, Marine  
  153  13:54  Marine x2  
  153  13:55  Siege Tank, Marine  
  133  13:59  Viking x2  
  133  14:00  Viking  
  138  14:09  Viking, Marine  
  141  14:10  Marine x2  
  141  14:15  Marine  
  141  14:16  Marine x2  
  146  14:17  Marine x2  
  148  14:27  Marine  
  148  14:28  Marine x2  
  161  14:33  Marine  
  161  14:34  Marine  
Tags
 
Add a new tag
Caveats
  • Supply blocks, unpowered buildings, or Contaminate may cause inaccurate times.
  • Supply counts are checked every 10 seconds.